 Dungeon Crawl Stone Soup version 0.31-a0-187-gba352fbbf7 (webtiles) character file.

Game seed: 15273930463859961813

72 qw the Shooter (level 4, 0/25 HPs)
             Began as a Deep Elf Hunter on June 22, 2023.
             Slain by a gnoll
             ... wielding a +0 spear
              (4 damage)
             ... on level 2 of the Dungeon.
             The game lasted 00:00:32 (1282 turns).

qw the Shooter (Deep Elf Hunter)                    Turns: 1282, Time: 00:00:32

Health: 0/25       AC:  5    Str: 10    XL:     4   Next: 6%
Magic:  6/6        EV: 11    Int: 14    God:
Gold:   91         SH:  0    Dex: 18    Spells: 3/3 levels left

rFire   . . .        Y - +1 shortbow
rCold   . . .        (shield currently unavailable)
rNeg    . . .        d - +0 ring mail
rPois   .            (no helmet)
rElec   .            (no cloak)
rCorr   .            (no gloves)
SInv    .            (no boots)
Will    .....        (no amulet)
Stlth   +            (no ring)
HPRegen 0.24/turn    (no ring)
MPRegen 0.10/turn

%: no passive effects
@: about to teleport
A: no striking features
a: no special abilities


You were on level 2 of the Dungeon.
You visited 1 branch of the dungeon, and saw 2 of its levels.

You collected 91 gold pieces.


   Skills:
 - Level 1.5 Fighting
 + Level 7.5 Ranged Weapons
 - Level 2.4 Dodging
 - Level 1.2 Stealth


You had 3 spell levels left.
You didn't know any spells.
Your spell library was empty.

Inventory:

Hand Weapons
 Y - a +1 shortbow (weapon)
Armour
 d - a +0 ring mail (worn)
Scrolls
 a - a scroll of identify
 c - a scroll of torment {unknown}
 e - a scroll of blinking {unknown}
 g - a scroll of teleportation
Potions
 b - a potion of heal wounds {unknown}
 f - 2 potions of curing {unknown}
 h - a potion of lignification {unknown}

Dungeon Overview and Level Annotations

Branches:
Dungeon (2/15)

Altars:
Ru


Message History

You shoot an arrow. The arrow hits the gnoll.
The gnoll is almost dead.
You shoot an arrow. The arrow barely misses the gnoll.
The arrow hits the gnoll.
The gnoll is moderately wounded.
The gnoll hits you from afar with a +0 halberd. x2
A gnoll comes into view. It is wielding a +0 whip.
You shoot an arrow. The arrow hits the gnoll.
You kill the gnoll!
You shoot an arrow.
The arrow hits the gnoll but does no damage.
The gnoll is moderately wounded.
You shoot an arrow. The arrow closely misses the gnoll.
The arrow hits the gnoll but does no damage.
The gnoll is moderately wounded.
The gnoll hits you but does no damage.
You shoot an arrow. The arrow closely misses the gnoll.
The arrow hits the gnoll.
The gnoll is heavily wounded.
The gnoll misses you.
You shoot an arrow. The arrow closely misses the gnoll.
The gnoll hits you from afar with a +0 spear.
The gnoll barely misses you. x2
You shoot an arrow. The arrow closely misses the gnoll.
The arrow hits the gnoll but does no damage.
The gnoll is moderately wounded.
The gnoll closely misses you.
The gnoll hits you from afar with a +0 spear.
The gnoll barely misses you.
1280 ||| READING 2 scrolls of teleportation.
As you read the scroll of teleportation, it crumbles to dust.
You feel strangely unstable. The gnoll hits you with a +0 whip.
The gnoll misses you.
You shoot an arrow. The arrow hits the gnoll!
You kill the gnoll!
The gnoll barely misses you.
The gnoll hits you from afar with a +0 spear.
You have reached level 4!
You feel clever.
You shoot an arrow. The arrow closely misses the gnoll.
The gnoll hits you from afar with a +0 spear.
You die...

###### #### ... .>...
.... #.# #.#.# #######
#.# #...# #.....+
#.###...# #.#####
######.......# #.#....
#.....g..#+#.## #.#.###
#......g......###.#.###
#....)@.....#.....#..##
#...........#.....##.##
#........#.##.....##.#.
####.....#..##....##.#.
#^)...##....#...#.#.
###########.........
###..##... ##....##
#.##..#


You could see 2 gnolls.

Vanquished Creatures
  2 gnolls (D:2)
  An adder (D:2)
  A dart slug (D:2)
  3 ball pythons (D:1)
  5 bats
  An endoplasm (D:2)
  4 giant cockroaches
  4 goblins
  8 hobgoblins
  3 kobolds
  A quokka (D:1)
  A frilled lizard (D:2)
  4 rats (D:1)
38 creatures vanquished.

Notes
Turn   | Place    | Note
-------+----------+-------------------------------------------
     0 | D:1      | qw the Deep Elf Hunter began the quest for the Orb.
     0 | D:1      | Reached XP level 1. HP: 12/12 MP: 3/3
     0 | D:1      | 0 ||| qw: Version: 0.3-a-9-g12657ce
     0 | D:1      | 0 ||| qw: Game counter: 2700
     0 | D:1      | 0 ||| qw: Always use a shield: true
     0 | D:1      | 0 ||| qw: God list: Okawaru
     0 | D:1      | 0 ||| qw: Allow faded altars: false
     0 | D:1      | 0 ||| qw: Do Orc after D:15 true
     0 | D:1      | 0 ||| qw: Do second Lair branch before Depths: true
     0 | D:1      | 0 ||| qw: Lair rune preference: random
     0 | D:1      | 0 ||| qw: Plans: Normal
     0 | D:1      | 0 ||| PLANNING D:1-11
   111 | D:1      | Found a faded altar of an unknown god.
   132 | D:1      | Reached skill level 6 in Ranged Weapons
   132 | D:1      | Reached XP level 2. HP: 16/16 MP: 4/4
   667 | D:1      | 667 ||| FLEEEEING.
   669 | D:1      | 669 ||| FLEEEEING.
   670 | D:1      | 670 ||| FLEEEEING.
   671 | D:1      | 671 ||| FLEEEEING.
   672 | D:1      | 672 ||| FLEEEEING.
   673 | D:1      | 673 ||| FLEEEEING.
   674 | D:1      | 674 ||| FLEEEEING.
   675 | D:1      | 675 ||| FLEEEEING.
   676 | D:1      | 676 ||| FLEEEEING.
   677 | D:1      | 677 ||| FLEEEEING.
   894 | D:1      | 894 ||| UPGRADING to +0 ring mail.
   904 | D:1      | 904 ||| DROPPING +0 leather armour.
   905 | D:1      | 905 ||| READING scroll labelled PUIL QUEVIA.
   906 | D:1      | 906 ||| READING scroll labelled EKHAOTWAH ROUH.
   907 | D:1      | 907 ||| READING 3 scrolls labelled ARGHEI IMOOSU.
   910 | D:1      | 910 ||| READING scroll labelled YXYWAE YNAXKI.
   911 | D:1      | 911 ||| DROPPING scroll of butterflies.
   913 | D:1      | 913 ||| Stepping ~*~*~tactically~*~*~ (cloud).
   917 | D:1      | HP: 4/16 [poisoned by you (poison gas)]
  1020 | D:2      | Reached XP level 3. HP: 20/20 MP: 5/5
  1203 | D:2      | Found a sacrificial altar of Ru.
  1209 | D:2      | Reached skill level 7 in Ranged Weapons
  1279 | D:2      | HP: 5/20 [gnoll/+0 spear (3)]
  1280 | D:2      | 1280 ||| READING 2 scrolls of teleportation.
  1282 | D:2      | Reached XP level 4. HP: 4/25 MP: 6/6
  1282 | D:2      | Slain by a gnoll

Levels and vault maps discovered:
D:1:      minmay_arrival_four_houses, layout_basic,
          chequers_ecumenical_altar_simple
D:2:      layout_basic, basic_altar

Skill      XL: |  1  2  3 |
---------------+----------+-----
Ranged Weapons | 6 7 |  7.5
Fighting       | |  1.5
Dodging        | |  2.4
Stealth        | |  1.2

Action                     |  1- 3 |  4- 6 || total
---------------------------+-------+-------++-------
   Fire: Shortbow          |   111 |     1 ||   112
    Use: Scroll            |     5 |       ||     5
 Armour: Leather armour    |     6 |       ||     6
         Ring mail         |     5 |       ||     5
  Dodge: Dodged            |    29 |       ||    29

Table legend:
 A = Non-vault XP
 B = Vault XP
 C = Vault XP percentage of total XP
 D = Non-vault monster count
 E = Vault monster count
 F = Vault count percentage of total count
                 A         B        C        D         E       F
            +---------+---------+-------+---------+---------+-------
      Total |     103 |       0 |   0.0 |      38 |       0 |   0.0
            +---------+---------+-------+---------+---------+-------
        D:1 |      38 |       0 |   0.0 |      23 |       0 |   0.0
        D:2 |      65 |       0 |   0.0 |      15 |       0 |   0.0
            +---------+---------+-------+---------+---------+-------
